 Dungeon Crawl Stone Soup version 0.21-a0-516-gaaff437 (webtiles) character file.

438 Gildeon the Cleaver (level 6, -7/51 HPs)
             Began as a Minotaur Fighter on Dec 3, 2017.
             Engulfed by a cloud of flame (25 damage)
             ... on level 3 of the Dungeon.
             The game lasted 00:09:09 (2213 turns).

Gildeon the Cleaver (Minotaur Fighter)              Turns: 2213, Time: 00:09:10

Health: -7/51      AC: 10    Str: 20    XL:     6   Next: 69%
Magic:  5/5        EV:  5    Int:  6    God:
Gold:   148        SH:  9    Dex: 11    Spells: 5/5 levels left

rFire    . . .     SeeInvis .   a - +0 war axe
rCold    . . .     Gourm    .   c - +0 shield
rNeg     . . .     Faith    .   g - +1 chain mail
rPois    .         Spirit   .   (helmet restricted)
rElec    .         Reflect  .   (no cloak)
rCorr    .         Harm     .   (no gloves)
MR       .....                  (no boots)
Stlth    ..........             (no amulet)
HPRegen  0.17/turn              (no ring)
MPRegen  0.09/turn              (no ring)

@: no status effects
A: retaliatory headbutt, horns 2
a: no special abilities


You were on level 3 of the Dungeon.
You were not hungry.

You visited 1 branch of the dungeon, and saw 3 of its levels.

You collected 148 gold pieces.

Inventory:

Hand Weapons
 a - a +0 war axe (weapon)
Armour
 c - a +0 shield (worn)
 g - a +1 chain mail (worn)
Scrolls
 k - 2 scrolls of teleportation
Potions
 d - a potion of might
 e - 4 potions of brilliance {unknown}
 i - a potion of magic {unknown}
 m - 5 potions of heal wounds {unknown}
Comestibles
 b - 4 chunks of flesh
 f - 3 bread rations
 h - 5 royal jellies
 j - a meat ration


   Skills:
 - Level 3.6 Fighting
 + Level 8.8 Axes
 - Level 3.6 Armour
 - Level 3.6 Shields


You had 5 spell levels left.
You didn't know any spells.

Dungeon Overview and Level Annotations

Branches:
Dungeon (3/15)

Altars:
Nemelex Xobeh


Innate Abilities, Weirdness & Mutations

You reflexively headbutt those who attack you in melee.
You have a pair of horns on your head.


Message History

You see here a dagger.
Found a stone staircase leading down.
m - 3 fizzy emerald potions (gained 1)
m - 4 fizzy emerald potions (gained 1)
m - 5 fizzy emerald potions (gained 1)
l - a scroll labeled VAHOESHECHE A goblin comes into view.
It is wielding a dagger.
The goblin shouts!
Found a club.
As you read the scroll labeled VAHOESHECHE, it crumbles to dust.
The creatures around you are filled with an inner flame!
It was a scroll of immolation.
A goblin is nearby!
Found a whip.
You slash the goblin!
The goblin explodes!
The fiery explosion engulfs you!
Ouch! That really hurt!
You are engulfed in blazing flames.
You die...

......#.......# *,,,,*,,*
.)###..)......# *.#******
..............#*#.#
#.#####.......##..######***
....####...##...........,,*
.....###...#*#..#.......,,*
.(....#.<..# #..#§§.....,,**
...........###..#)§..)..,,,******
......#......#..@§§.....,,,,,,,,,
.....##.........%######),,,,,,,,,
#...###....##....# *******,,,,
##### #........#.# ***** ###
##.......#.#####
..######.......>.....#
#.....##......#......#
#####.##......#......#
#.........#......#


There were no monsters in sight!

Vanquished Creatures
  Grinder (D:3)
  Jessica (D:2)
  An iguana (D:2)
  Robin (D:2)
  6 gnolls
  4 adders
  An ooze (D:1)
  A worm (D:2)
  2 dart slugs
  3 leopard geckos
  2 orcs (D:3)
  2 giant cockroaches (D:2)
  16 goblins
  6 hobgoblins
  10 jackals
  11 kobolds
  4 bats
  A frilled lizard (D:1)
  6 rats
79 creatures vanquished.

Notes
Turn   | Place    | Note
-------+----------+-------------------------------------------
     0 | D:1      | Gildeon the Minotaur Fighter began the quest for the Orb.
     0 | D:1      | Reached XP level 1. HP: 19/19 MP: 0/0
    31 | D:1      | Reached skill level 3 in Axes
    52 | D:1      | Reached XP level 2. HP: 26/26 MP: 1/1
   157 | D:1      | Reached skill level 4 in Axes
   231 | D:1      | Reached XP level 3. HP: 30/31 MP: 2/2
   610 | D:2      | Reached skill level 5 in Axes
   854 | D:2      | Noticed Robin
   862 | D:2      | Reached XP level 4. HP: 39/39 MP: 3/3
   885 | D:2      | Killed Robin
  1035 | D:2      | Reached skill level 6 in Axes
  1112 | D:2      | Reached XP level 5. HP: 26/45 MP: 4/4
  1415 | D:2      | Noticed Jessica
  1424 | D:2      | Killed Jessica
  1424 | D:2      | Reached skill level 7 in Axes
  1556 | D:3      | Noticed Grinder
  1574 | D:3      | Paralysed by Grinder for 6 turns
  1586 | D:3      | Killed Grinder
  1586 | D:3      | Reached skill level 8 in Axes
  1586 | D:3      | Reached XP level 6. HP: 11/51 MP: 5/5
  2148 | D:3      | Found a sparkling altar of Nemelex Xobeh.
  2213 | D:3      | Engulfed by a cloud of flame

Vault maps used:
D:1:      dpeg_arrival_arbitrary_b
D:2:      uniq_jessica, uniq_robin
D:3:      nemelex_lonely_heart_becter, uniq_grinder

Skill      XL: |  1  2  3  4  5 |
---------------+----------------+-----
Axes           | 3 4 5 6 8 |  8.8
Fighting       | |  3.6
Armour         | |  3.6
Shields        | |  3.6

Action                   |  1- 3 |  4- 6 || total
-------------------------+-------+-------++-------
Melee: War axe           |    85 |    92 ||   177
       Headbutt          |    18 |    22 ||    40
  Use: Scroll            |     5 |     6 ||    11
       Potion            |       |     2 ||     2
  Eat: Chunk             |       |     4 ||     4
Armor: Scale mail        |    21 |       ||    21
       Chain mail        |    25 |    38 ||    63
Dodge: Dodged            |    28 |    17 ||    45
Block: Shield            |    53 |    48 ||   101

Table legend:
 A = Spawn XP
 B = Non-spawn XP
 C = Spawn XP percentage of total XP
 D = Spawn monster count
 E = Non-spawn monster count
 F = Spawn count percentage of total count
 G = Total turns spent on level
                    A         B        C        D         E        F      G
               +---------+---------+-------+---------+---------+-------+---------
         Total |       0 |     626 |   0.0 |       0 |      79 |   0.0 |  2213
               +---------+---------+-------+---------+---------+-------+---------
           D:1 |       0 |      49 |   0.0 |       0 |      25 |   0.0 |   484
           D:2 |       0 |     227 |   0.0 |       0 |      37 |   0.0 |  1291
           D:3 |       0 |     350 |   0.0 |       0 |      17 |   0.0 |   438
               +---------+---------+-------+---------+---------+-------+---------
